 Dungeon Crawl Stone Soup version 0.24.0-1-gfbc8707 (webtiles) character file.

Game seed: 12752766180711332485, levelgen mode: deterministic

73 Buxparty the Poker (level 4, -1/33 HPs)
             Began as a Mummy Gladiator on Jan 10, 2020.
             Shot with a stone by a goblin (5 damage)
             ... on level 2 of the Dungeon.
             The game lasted 00:02:20 (983 turns).

Buxparty the Poker (Mummy Gladiator)                 Turns: 983, Time: 00:02:21

Health: -1/33      AC:  4    Str: 18    XL:     4   Next: 8%
Magic:  4/4        EV: 12    Int:  7    God:
Gold:   9          SH:  0    Dex: 13    Spells: 3/3 levels left

rFire    x . .     SeeInvis .   a - +0 trident
rCold    + . .     Gourm    .   (no shield)
rNeg     + + +     Faith    .   b - +0 leather armour
rPois    ∞         Spirit   .   c - +0 helmet
rElec    .         Reflect  .   (no cloak)
rCorr    .         Harm     .   (no gloves)
MR       .....                  (no boots)
Stlth    ++........             (no amulet)
HPRegen  0.11/turn              f - ring of stealth
MPRegen  0.09/turn              (no ring)

@: no status effects
A: no food or potions, fire vulnerability, cold resistance 1, negative energy
resistance 3, torment resistance, unbreathing
a: no special abilities


You were on level 2 of the Dungeon.
You were not hungry.

You visited 1 branch of the dungeon, and saw 2 of its levels.

You collected 9 gold pieces.

Inventory:

Hand Weapons
 a - a +0 trident (weapon)
Missiles
 d - 3 throwing nets (quivered)
 g - 6 javelins
Armour
 b - a +0 leather armour (worn)
 c - a +0 helmet (worn)
Jewellery
 f - a ring of stealth (left hand)
Scrolls
 e - 4 scrolls of identify {unknown}
 h - a scroll of magic mapping {unknown}
 i - a scroll of blinking {unknown}
 j - a scroll of remove curse {unknown}


   Skills:
 - Level 2.0 Fighting
 + Level 4.1 Polearms
 - Level 1.5 Throwing
 - Level 2.4 Dodging


You had 3 spell levels left.
You didn't know any spells.
Your spell library contained the following spells:

 Spells                   Type           Power        Failure   Level  Hunger
 Magic Dart               Conj           #...         50%         1    N/A
 Blink                    Tloc           N/A          63%         2    N/A
 Call Imp                 Summ           #.......     63%         2    N/A
 Slow                     Hex            #.......     63%         2    N/A
 Conjure Flame            Conj/Fire      #.......     86%         3    N/A
 Mephitic Cloud           Conj/Pois/Air  #.......     86%         3    N/A

Dungeon Overview and Level Annotations

Branches:
Dungeon (2/15)

Altars:


Innate Abilities, Weirdness & Mutations

You do not eat or drink.
Your flesh is vulnerable to fire.
You are immune to poison.
Your flesh is cold resistant. (rC+)
You are immune to negative energy. (rN+++)
You are immune to unholy pain and torment.
You can survive without breathing.


Message History

The goblin is heavily wounded.
The goblin closely misses you.
You hit the goblin.
The goblin is severely wounded.
The goblin drinks a potion.
The goblin is healed!
You hit the goblin.
You kill the goblin!
The goblin wields a +0 hunting sling.
The goblin shoots a stone.
The stone hits you but does no damage.
You closely miss the goblin. The goblin hits you but does no damage.
You barely miss the goblin. The goblin barely misses you.
The goblin hits you with a +0 dagger.
* * * LOW HITPOINT WARNING * * *
You hit the goblin.
The goblin is moderately wounded.
The goblin hits you but does no damage.
You hit the goblin.
You kill the goblin!
The goblin shoots a stone.
The stone hits you.
You die...

#.#########
#.# .. #.#
.# #.# .#
#.# .# #.#
.# #.#
.######
#.###.......
#(.@)g......
######......
..... ....
... lg .


You could see a goblin.

Vanquished Creatures
  A worker ant (D:2)
  An ooze (D:1)
  A worm (D:2)
  A leopard gecko (D:2)
  9 bats
  4 giant cockroaches
  7 goblins
  5 hobgoblins
  A quokka (D:2)
  4 frilled lizards
  3 kobolds
  4 rats
41 creatures vanquished.

Notes
Turn   | Place    | Note
-------+----------+-------------------------------------------
     0 | D:1      | Buxparty the Mummy Gladiator began the quest for the Orb.
     0 | D:1      | Reached XP level 1. HP: 16/16 MP: 1/1
    81 | D:1      | Reached skill level 3 in Polearms
    81 | D:1      | Reached XP level 2. HP: 19/22 MP: 2/2
   350 | D:2      | Reached XP level 3. HP: 26/27 MP: 3/3
   968 | D:2      | Reached skill level 4 in Polearms
   968 | D:2      | Reached XP level 4. HP: 8/33 MP: 4/4
   983 | D:2      | Shot with a stone by a goblin

Levels and vault maps discovered:
D:1:      saegor_arrival_simple_d, layout_rooms, minmay_tetromino_i2
D:2:      layout_basic

Skill      XL: |  1  2  3 |
---------------+----------+-----
Polearms       | 3 4 |  4.1
Fighting       | |  2.0
Throwing       | |  1.5
Dodging        | |  2.4

Action                   |  1- 3 |  4- 6 || total
-------------------------+-------+-------++-------
Melee: Trident           |   135 |    14 ||   149
 Stab: Sleeping          |     2 |       ||     2
Armor: Leather armour    |    48 |     4 ||    52
Dodge: Dodged            |    78 |     5 ||    83
